 Dungeon Crawl Stone Soup version 0.30-a0-341-g682706514a (webtiles) character file.

Game seed: 11280769242429108327

273982 Lanoc the Cryomancer (level 19, -9/174 HPs)
             Began as a Green Draconian Ice Elementalist on Nov 4, 2022.
             Was the Champion of Jiyva.
             Mangled by a titan (54 damage)
             ... on level 2 of the Vaults on Nov 5, 2022.
             The game lasted 01:23:26 (27094 turns).

Lanoc the Cryomancer (DrIE)                        Turns: 27094, Time: 01:23:26

Health: -9/174     AC: 23    Str: 16    XL:     19   Next: 52%
Magic:  32/33      EV: 24    Int: 18    God:    Jiyva [******]
Gold:   186        SH: 15    Dex: 26    Spells: 15/38 levels left

rFire   . . .      SeeInvis +    R - +9 trident "Ejoclaac" {elec, rPois Str+2 Int+2}
rCold   + + .      Faith    .    V - +1 kite shield {rC+}
rNeg    + . .      Spirit   .    (body armour unavailable)
rPois   +          Reflect  .    D - +2 hat
rElec   +          Harm     .    (no cloak)
rCorr   +          Rampage  .    r - +0 pair of gloves
Will    +....                    (no boots)
Stlth   +++.......               T - amulet of Autumn {rN+ Regen+ Str+2 SInv Stlth-}
HPRegen 2.89/turn                t - ring of Puuguyma {Fly rElec rC+ Int-3 Dex+3}
MPRegen 0.73/turn                H - +6 ring of dexterity

@: ice-armoured, freezing walls, flying
A: breathe noxious fumes, AC +10, unfitting armour, stinger 2, poison
resistance, cold-blooded, hooves 1, agile 1, sense surroundings 2, pseudopods 2,
translucent skin 1, jelly absorbing missiles, engulf
}: 2/15 runes: serpentine, slimy
a: Breathe Noxious Fumes, Renounce Religion, Oozemancy, Slimify


You were on level 2 of the Vaults.
You worshipped Jiyva.
Jiyva was exalted by your worship.
You visited 8 branches of the dungeon, and saw 34 of its levels.
You also visited: Sewer, Ossuary and Bailey.

You collected 2171 gold pieces.
You spent 1985 gold pieces at shops.

Inventory:

Hand Weapons
 q - the +6 spear of the Iron City of Dis {freeze, rC+}
   (You found it on level 2 of the Dungeon)

   It freezes those it strikes, dealing additional cold damage.
   It can also slow down cold-blooded creatures.
   rC:        It protects you from cold.
 C - a +1 demon whip of venom
 R - the +9 trident "Ejoclaac" (weapon) {elec, rPois Str+2 Int+2}
   (You found it on level 5 of the Pits of Slime)

   It occasionally discharges a powerful burst of electricity upon striking a
   foe.
   Str:       It affects your strength (+2).
   Int:       It affects your intelligence (+2).
   rPois:     It protects you from poison.
Missiles
 E - 5 throwing nets
Armour
 r - a +0 pair of gloves (worn)
 D - a +2 hat (worn)
 V - a +1 kite shield of cold resistance (worn)
Jewellery
 t - the ring of Puuguyma (left hand) {Fly rElec rC+ Int-3 Dex+3}
   (You found it on level 4 of the Snake Pit)

   [ring of protection from cold]

   Int:       It affects your intelligence (-3).
   Dex:       It affects your dexterity (+3).
   rC:        It protects you from cold.
   rElec:     It insulates you from electricity.
   Fly:       It grants you flight.
 H - a +6 ring of dexterity (right hand)
 S - the ring "Rauj" {Wiz rPois rCorr}
   (You found it on level 5 of the Pits of Slime)

   [ring of wizardry]

   It improves your spell success rate.
   rPois:     It protects you from poison.
   rCorr:     It protects you from acid and corrosion.
 T - the amulet of Autumn (around neck) {rN+ Regen+ Str+2 SInv Stlth-}
   (You found it on level 5 of the Pits of Slime)

   [amulet of regeneration]

   Str:       It affects your strength (+2).
   rN:        It protects you from negative energy.
   SInv:      It lets you see invisible.
   Regen:     It increases your rate of health regeneration.
   Stlth:     It makes you less stealthy.
 U - the ring of Alilel {rElec rPois Str+2}
   (You found it on level 5 of the Pits of Slime)

   [ring of poison resistance]

   Str:       It affects your strength (+2).
   rElec:     It insulates you from electricity.
   rPois:     It protects you from poison.
Wands
 h - a wand of light (10)
 k - a wand of roots (32)
 m - a wand of charming (17)
 u - a wand of polymorph (5)
 w - a wand of mindburst (15)
 F - a wand of flame (5)
 L - a wand of digging (1)
Scrolls
 c - 5 scrolls of teleportation
 i - 5 scrolls of fear
 j - 2 scrolls of amnesia
 v - 2 scrolls of enchant armour
 y - 2 scrolls of butterflies
 z - 4 scrolls of vulnerability
 A - 2 scrolls of immolation
 B - 3 scrolls of blinking
 G - a scroll of magic mapping
 J - a scroll of poison
 K - a scroll of silence
 M - 2 scrolls of summoning
 O - 2 scrolls of enchant weapon
 P - a scroll of brand weapon
 W - a scroll of identify
Potions
 a - 2 potions of magic
 b - a potion of attraction
 d - 3 potions of lignification
 e - 10 potions of haste
 f - a potion of cancellation
 g - 11 potions of curing
 l - 2 potions of invisibility
 n - 8 potions of heal wounds
 o - 2 potions of might
 p - 2 potions of resistance
 s - 7 potions of ambrosia
 x - 6 potions of mutation
 I - a potion of brilliance
Miscellaneous
 N - a phial of floods
 Q - a tin of tremorstones (2/2)


   Skills:
 + Level 16.4 Fighting
 - Level 7.7 Polearms
 + Level 14.1 Dodging
 - Level 1.7 Stealth
 - Level 10.5 Shields
 - Level 10.2 Spellcasting
 * Level 21.5 Ice Magic


You had 15 spell levels left.
You knew the following spells:

 Your Spells              Type           Power      Damage    Failure   Level
a - Freeze                Ice            100%       1d10      0%          1
b - Frozen Ramparts       Ice            100%       1d16      0%          3
c - Ozocubu's Armour      Ice            72%        N/A       0%          3
d - Summon Ice Beast      Ice/Summ       47%        N/A       1%          4
e - Metabolic Englaciati  Hex/Ice        23%        N/A       6%          5
f - Ozocubu's Refrigerat  Ice            36%        4d15      2%          7

Your spell library contained the following spells:

 Spells                   Type           Power      Damage    Failure   Level
 Apportation              Tloc           18%        N/A       17%         1
 Beastly Appendage        Tmut           18%        N/A       17%         1
 Necrotise                Necr           36%        1d5       17%         1
 Summon Small Mammal      Summ           36%        N/A       17%         1
 Passwall                 Tmut/Erth      7%         N/A       26%         2
 Wereblood                Tmut           9%         N/A       26%         2
 Call Canine Familiar     Summ           9%         N/A       45%         3
 Dazzling Flash           Conj/Hex       18%        N/A       45%         3
 Kindle Blastsparks       Fire/Tloc/Air  18%        2d11      45%         3
 Spider Form              Tmut/Pois      9%         N/A       45%         3
 Summon Guardian Golem    Hex/Summ       9%         N/A       45%         3
 Agony                    Necr           9%         N/A       99%         5
 Silence                  Hex/Air        4%         N/A       99%         5
 Summon Forest            Summ/Tloc      4%         N/A       99%         5
 Summon Mana Viper        Hex/Summ       9%         N/A       99%         5
 Summon Cactus Giant      Summ           4%         N/A       100%        6
 Dragon Form              Tmut           4%         N/A       100%        7
 Malign Gateway           Summ/Tloc      4%         N/A       100%        7
 Necromutation            Tmut/Necr      4%         N/A       100%        8
 Summon Horrible Things   Summ           4%         N/A       100%        8


Dungeon Overview and Level Annotations

Branches:
Dungeon (14/15)            Temple (1/1) D:5            Lair (5/5) D:9
  Swamp (0/4) Lair:2        Snake (4/4) Lair:2        Slime (5/5) Lair:4
    Orc (2/2) D:11            Elf (1/3) Orc:2        Vaults (2/5) D:14
  Sewer (visited)         Ossuary (visited)          Bailey (visited)
  Crypt: Vaults:2-3

Altars:
Ashenzari
Cheibriados
Dithmenos
Elyvilon
Fedhas
Kikubaaqudgha
Makhleb
Nemelex Xobeh
Trog
Uskayaw
Wu Jian
Xom
Jiyva

Shops:
D:2 =   D:10 (   D:11 (?   Orc:1 =   Orc:2 ?(!((   Snake:4 *(:   Vaults:1 :

Annotations:
D:4 1 runed translucent door
Slime:5 Royal Jelly


Innate Abilities, Weirdness & Mutations

You can breathe blasts of noxious fumes.
Your lurid green scales are hard. (AC +10)
You cannot fit into any form of body armour.
Your tail ends in a sharp venomous barb.
Your system is resistant to poisons. (rPois)
You are cold-blooded and may be slowed by cold attacks.
You have large cloven feet.
You are agile. (Dex +4, Str/Int -1)
You passively map the area around you.
Armour fits poorly on your large pseudopods.
Your translucent skin slightly reduces your foes' accuracy. (Stealth+)
You have a small jelly attached to you that may absorb projectiles.
Your melee attacks may engulf your foes in ooze.


Message History

The ironbound convoker hits your acid blob with a +0 dire flail!!
The ironbound convoker is burned by acid!
Aiming: Freeze (safe; 0% risk of failure)
Press: ? - help, Q - select action, (/) - cycle Shift-Dir - straight line, f - titan
Aim: a titan (moderately wounded, strong)
You freeze the titan!
The titan is heavily wounded.
The yaktaur captain hits your acid blob!!
Your acid blob dies!
Your acid blob dissolves into a puddle of slime!
The wall freezes the titan!
The titan hits you!!!
* * * LOW HITPOINT WARNING * * *
You shudder from the blow and a jelly pops out!
The wall freezes the orc knight.
The ironbound convoker gestures at the deep troll while chanting.
The deep troll seems to grow stronger.
The wall freezes the deep troll.
You block the deep troll's attack. x2; The deep troll claws you!
* * * LOW HITPOINT WARNING * * *
The ironbound convoker hits your rockslime with a +0 dire flail!
You feel much better.
Your rockslime hits the ironbound convoker!
The ironbound convoker holds its ground!
The ironbound convoker dies!
The wall freezes the titan!
The titan hits you!!
* * * LOW HITPOINT WARNING * * *
The wall freezes the deep troll!
You block the deep troll's attack.
The deep troll claws you but does no damage.
You block the deep troll's attack.
The wall freezes the orc knight but does no damage.
You feel much better.
The wall freezes the yaktaur captain.
Your rockslime hits the ironbound convoker!
The ironbound convoker holds its ground!
You block the ironbound convoker's attack.
The wall freezes the deep troll.
The deep troll bites you!!
* * * LOW HITPOINT WARNING * * *
The deep troll closely misses you. The deep troll misses you.
The wall freezes the orc knight.
The wall freezes the titan but does no damage.
The titan hits you!!!
You die...

*, * *
+ * * ,
* , ,,
, , *
**
+#####
,,*,
#....#
, * ,
,#o.J.#
* , *
#Cpp.#
,
#@Tc.#
* **
######
* , ,,,
, ,
,,,, ,
, ,, ,
,, , ,
,,, * *
* * *


You could see a titan (strong, ally target), a yaktaur captain (strong,
corroded), an orc knight, a deep troll (strong), 2 ironbound convokers and a
friendly rockslime (summoned).

Vanquished Creatures
  Rupert (D:14)
  A tengu reaver (Vaults:1)
  6 nagarajas
  2 ironbound preservers (Vaults:1)
  4 very ugly things (Vaults:1)
  3 ironbound thunderhulks (Vaults:1)
  16 dire elephants
  Nessos (D:13)
  8 hydras
  A salamander tyrant (Snake:4)
  A yaktaur captain (D:14)
  An ogre mage (D:14)
  2 ironbound frosthearts (Vaults:1)
  Erolcha (Orc:1)
  23 anacondas
  4 boulder beetles
  5 centaur warriors
  2 catoblepae (Lair:3)
  4 two-headed ogres
  11 naga sharpshooters
  12 naga warriors
  Erica (D:10)
  Urug (Lair:4)
  9 death yaks
  5 orc high priests (Orc:2)
  12 shock serpents
  A deep elf knight (D:14)
  10 salamander mystics
  Amaemon (D:8)
  The ghost of funkygono the Arsonist, a novice GrFE of Vehumet (D:9)
  8 deep trolls (Vaults:1)
  Lodul (D:14)
  A spectral anaconda (Lair:5)
  A sea snake (Snake:3)
  An obsidian statue (Lair:5)
  8 naga ritualists
  Pikel (D:4)
  4 lindwurms (Snake:4)
  A wizard (D:14)
  A harpy (D:14)
  3 ironbound convokers
  10 orc knights (Orc:2)
  2 deep elf pyromancers (D:14)
  11 mana vipers
  4 necromancers (Lair:5)
  A deep elf zephyrmancer (D:14)
  11 ugly things
  An orc sorcerer (Orc:1)
  4 cyclopes
  33 salamanders
  6 manticores
  17 elephants
  10 guardian serpents
  9 cane toads
  15 naga magi
  34 black mambas
  Joseph (D:8)
  A dire elephant zombie (Lair:5)
  4 centaur skeletons (D:14)
  Psyche (D:8)
  An orange demon (D:8)
  7 kobold demonologists
  2 efreet (D:14)
  2 rime drakes
  5 komodo dragons
  2 yaktaurs
  5 trolls
  A queen bee (D:9)
  Grinder (D:6)
  A polar bear (Lair:3)
  3 meliai (D:14)
  A tyrant leech (Lair:2)
  16 blink frogs
  7 dream sheep
  Prince Ribbit (D:8)
  A spectral elephant (Lair:5)
  A shadow (D:9)
  A vampire (D:13)
  A wraith (D:9)
  7 wyverns
  34 yaks
  3 fire bats (Lair:4)
  A steam dragon (D:7)
  3 basilisks
  4 vampire mosquitoes (D:14)
  A death yak simulacrum (Lair:5)
  A spectral cane toad (Lair:5)
  3 swamp worms (Lair:2)
  39 nagas
  4 wargs
  An acid dragon (D:10)
  5 water moccasins
  A sky beast (D:6)
  3 black bears
  33 orc warriors
  The ghost of blacknightgoat the Trooper, an amateur HOFi (D:4)
  21 wolves
  7 ogres
  A boggart (D:14)
  2 elephant skeletons (Lair:5)
  2 lemures (D:3)
  A phantom (D:6)
  8 kobold brigands
  7 bullfrogs
  8 gnoll sergeants
  A scorpion (D:5)
  5 wights
  29 killer bees (D:9)
  2 elephant simulacra (Lair:5)
  5 howler monkeys
  An electric eel (Snake:3)
  A human zombie (Ossuary)
  4 hounds
  2 jellies (Sewer)
  37 orc priests
  5 gnoll boudas (Bailey)
  Jessica (D:2)
  5 iguanas
  17 orc wizards
  3 polar bear simulacra (Lair:4)
  2 yak simulacra (Lair:4)
  2 wolf simulacra (Lair:4)
  6 mummies (Ossuary)
  20 gnolls
  6 adders
  3 river rats (Sewer)
  A shadow imp (D:7)
  A white imp (D:7)
  An ufetubus (D:5)
  6 worms
  3 dart slugs
  83 orcs
  7 endoplasms
  6 giant cockroaches
  2 gnoll zombies (Ossuary)
  11 goblins
  7 hobgoblins
  3 jackals (D:2)
  22 kobolds
  7 quokkas
  11 ball pythons
  7 bats
  7 frilled lizards
  A hobgoblin zombie (Ossuary)
  2 kobold zombies (Ossuary)
  An orc zombie (Ossuary)
  8 rats
  2 river rat simulacra (Lair:4)
971 creatures vanquished.

Vanquished Creatures (collateral kills)
  A boulder beetle (Vaults:1)
  A death knight (D:14)
  2 two-headed ogres (D:14)
  A skeletal warrior (D:14)
  A necromancer (Lair:4)
  An ironbound convoker (Vaults:2)
  Maggie (D:8)
  2 kobold demonologists (D:11)
  A shadow (D:11)
  A kobold brigand (D:11)
  2 wights (D:8)
  A yak simulacrum (Lair:4)
  An orc (D:11)
  A river rat simulacrum (Lair:4)
17 creatures vanquished.

Vanquished Creatures (others)
  The ghost of PaleRider the Slayer, an adept KoBr of Ashenzari (Snake:4)
  A centaur warrior (D:13)
  A deep elf zephyrmancer (D:7)
  A torpor snail (Lair:2)
  A black mamba (Snake:2)
  5 slime creatures (Vaults:1)
  A wyvern (Lair:5)
  A water moccasin (D:6)
  A sky beast (D:8)
  An ogre (Orc:1)
  A wolf (Bailey)
  A kobold brigand (D:7)
  94 jellies
  2 hounds
  4 orc priests
  A gnoll bouda (Bailey)
  4 iguanas
  An orc wizard (D:10)
  An adder (D:4)
  An ufetubus (D:6)
  A worm (D:4)
  3 orcs
  2 ball pythons
  2 endoplasms
  A hobgoblin (D:3)
  2 jackals (D:4)
  A hobgoblin zombie (Ossuary)
  2 kobolds (D:7)
  96 fungi
  121 plants
  38 withered plants
393 creatures vanquished.

Grand Total: 1381 creatures vanquished

Notes
Turn   | Place    | Note
-------+----------+-------------------------------------------
     0 | D:1      | Lanoc the Draconian Ice Elementalist began the quest for
                  | the Orb.
     0 | D:1      | Reached XP level 1. HP: 14/14 MP: 3/3
    40 | D:1      | Found a large runed translucent door.
    40 | D:1      | Found a large runed translucent door.
   235 | D:1      | Reached XP level 2. HP: 20/20 MP: 5/5
  1156 | D:2      | You fall into a shaft and drop 1 floor!
  1181 | D:3      | Reached skill level 5 in Ice Magic
  1187 | D:3      | Reached XP level 3. HP: 26/26 MP: 1/6
  1191 | D:3      | Learned a level 3 spell: Frozen Ramparts
  1496 | D:3      | Found a glowing drain.
  1500 | Sewer    | Entered a sewer
  1701 | Sewer    | Reached XP level 4. HP: 20/33 MP: 3/7
  1914 | Sewer    | Reached skill level 6 in Ice Magic
  2020 | Sewer    | Found a viscous altar of Jiyva.
  2024 | Sewer    | Reached XP level 5. HP: 34/38 MP: 4/8
  2071 | Sewer    | Became a worshipper of Jiyva Jeowkuel the Shapeless
  2424 | D:2      | Found Witrup's Jewellery Emporium.
  2433 | D:2      | Found a sparkling altar of Nemelex Xobeh.
  2454 | D:2      | Identified the +1 leather armour "Nistao Ozxa" {+Inv rC-
                  | Dex+6}
  2511 | D:2      | Identified the +6 spear of the Iron City of Dis {freeze,
                  | rC+}
  2684 | D:2      | Reached * piety under Jiyva
  2781 | D:2      | Noticed Jessica
  2784 | D:2      | Killed Jessica
  2785 | D:2      | Reached skill level 7 in Ice Magic
  3141 | D:3      | Found a hide-covered altar of Uskayaw.
  3242 | D:4      | Noticed a lemure
  3242 | D:4      | Noticed a lemure
  3242 | D:4      | Noticed a lemure
  3242 | D:4      | Noticed a lemure
  3242 | D:4      | Found a runed translucent door.
  3243 | D:4      | Noticed Pikel
  3305 | D:3      | Killed a lemure
  3309 | D:3      | Killed a lemure
  3329 | D:4      | Reached ** piety under Jiyva
  3352 | D:4      | Killed Pikel
  3353 | D:4      | Reached skill level 9 in Ice Magic
  3353 | D:4      | Reached XP level 6. HP: 38/45 MP: 4/9
  3353 | D:4      | Your scales start taking on a lurid green colour.
  3353 | D:4      | Reached XP level 7. HP: 42/50 MP: 4/10
  3353 | D:4      | Gained mutation: Your system is resistant to poisons.
                  | (rPois) [Green Draconian growth]
  3391 | D:4      | Noticed blacknightgoat's ghost (amateur HOFi)
  3438 | D:4      | Learned a level 3 spell: Ozocubu's Armour
  3484 | D:4      | Found a runed translucent door.
  3768 | D:4      | Found a burning altar of Makhleb.
  3828 | D:4      | Killed blacknightgoat's ghost
  3864 | D:5      | Entered Level 5 of the Dungeon
  3941 | D:5      | Reached skill level 10 in Ice Magic
  3952 | D:5      | Found a staircase to the Ecumenical Temple.
  3963 | Temple   | Entered the Ecumenical Temple
  4014 | D:5      | Reached *** piety under Jiyva
  4048 | D:5      | Reached XP level 8. HP: 34/57 MP: 8/11
  4164 | D:5      | Found a sand-covered staircase.
  4185 | Ossuary  | Entered an ossuary
  4195 | Ossuary  | Gained mutation: You are agile. (Dex +4, Str/Int -1)
                  | [Jiyva's grace]
  4195 | Ossuary  | Gained mutation: You are very agile. (Dex +8, Str/Int -2)
                  | [Jiyva's grace]
  4195 | Ossuary  | Gained mutation: You have a small jelly attached to you
                  | that may absorb projectiles. [Jiyva's grace]
  4195 | Ossuary  | Gained mutation: You are robust. (+10% HP) [Jiyva's grace]
  4230 | Ossuary  | Reached skill level 11 in Ice Magic
  4723 | D:5      | Reached **** piety under Jiyva
  5172 | D:6      | Noticed Grinder
  5182 | D:6      | Paralysed by Grinder for 4 turns
  5195 | D:6      | Paralysed by Grinder for 5 turns
  5205 | D:6      | Paralysed by Grinder for 4 turns
  5219 | D:6      | Paralysed by Grinder for 5 turns
  5234 | D:6      | Killed Grinder
  5235 | D:6      | Reached skill level 12 in Ice Magic
  5255 | D:6      | Found a white marble altar of Elyvilon.
  5752 | D:7      | Reached XP level 9. HP: 51/68 MP: 8/12
  5765 | D:7      | Reached ***** piety under Jiyva
  5827 | D:7      | Reached skill level 13 in Ice Magic
  5841 | D:7      | Killed a deep elf zephyrmancer
  5917 | D:7      | Lost mutation: You are very agile. (Dex +8, Str/Int -2)
                  | [Jiyva's grace]
  5917 | D:7      | Lost mutation: You are agile. (Dex +4, Str/Int -1) [Jiyva's
                  | grace]
  5917 | D:7      | Lost mutation: You are robust. (+10% HP) [Jiyva's grace]
  5917 | D:7      | Gained mutation: You passively dampen the noise of your
                  | surroundings. [Jiyva's grace]
  5917 | D:7      | Gained mutation: You have hidden genetic potential.
                  | [Jiyva's grace]
  5917 | D:7      | Gained mutation: You have great hidden genetic potential.
                  | [Jiyva's grace]
  5917 | D:7      | Gained mutation: Your translucent skin slightly reduces
                  | your foes' accuracy. (Stealth+) [Jiyva's grace]
  6245 | D:8      | Noticed Amaemon
  6246 | D:8      | Noticed Prince Ribbit
  6267 | D:8      | Found a broken altar of Ashenzari.
  6315 | D:8      | Found a shimmering altar of Xom.
  6315 | D:8      | Found a snail-covered altar of Cheibriados.
  6316 | D:8      | Found a sparkling altar of Nemelex Xobeh.
  6316 | D:8      | Noticed Joseph
  6367 | D:8      | Found a blossoming altar of Fedhas.
  6558 | D:8      | Noticed Maggie
  6569 | D:8      | Killed Maggie
  6570 | D:8      | Reached skill level 14 in Ice Magic
  6706 | D:8      | Learned a level 4 spell: Summon Ice Beast
  6709 | D:8      | Killed Prince Ribbit
  6760 | D:8      | Noticed an orange demon
  6798 | D:8      | Killed Amaemon
  6799 | D:8      | Reached skill level 1 in Fighting
  6799 | D:8      | Reached XP level 10. HP: 68/72 MP: 4/13
  6807 | D:8      | Killed an orange demon
  6823 | D:8      | Gained mutation: You have large cloven feet. [hidden
                  | potential]
  6883 | D:8      | Noticed Psyche
  6892 | D:8      | Killed Psyche
  6893 | D:8      | Reached skill level 15 in Ice Magic
  7006 | D:8      | Reached ****** piety under Jiyva
  7179 | D:8      | Killed Joseph
  7336 | D:9      | Found a shadowy altar of Dithmenos.
  7426 | D:9      | Lost mutation: You have large cloven feet. [Jiyva's grace]
  7426 | D:9      | Lost mutation: You have great hidden genetic potential.
                  | [Jiyva's grace]
  7426 | D:9      | Gained mutation: You expend magic power (3 MP) to
                  | strengthen your wands. [Jiyva's grace]
  7426 | D:9      | Gained mutation: Your large and strong wings let you fly.
                  | [Jiyva's grace]
  7426 | D:9      | Gained mutation: You have a pair of small horns on your
                  | head. [Jiyva's grace]
  7426 | D:9      | Gained mutation: You have a pair of horns on your head.
                  | [Jiyva's grace]
  7621 | D:9      | Found a runed translucent door.
  7625 | D:9      | Noticed funkygono's ghost (novice GrFE)
  7703 | D:9      | Found a staircase to the Lair.
  7771 | D:9      | Reached XP level 11. HP: 83/85 MP: 14/14
  7912 | D:9      | Reached skill level 5 in Fighting
  8006 | D:9      | Reached skill level 16 in Ice Magic
  8271 | D:9      | Killed funkygono's ghost
  8281 | D:9      | Gained mutation: You are agile. (Dex +4, Str/Int -1)
                  | [hidden potential]
  8281 | D:9      | Lost mutation: You have hidden genetic potential. [hidden
                  | potential expressed]
  8319 | D:10     | Entered Level 10 of the Dungeon
  8319 | D:10     | Found a flagged portal.
  8333 | Bailey   | Entered a bailey
  8434 | Bailey   | Reached skill level 5 in Dodging
  8465 | Bailey   | Identified the +4 triple crossbow of Ignis's Hatred {flame,
                  | rPois rCorr Int+4 Dex-5}
  8627 | Bailey   | Got the Handbook of Evolution
  8719 | D:10     | Noticed a two-headed ogre
  8740 | D:10     | Killed a two-headed ogre
  8865 | D:10     | Found Canuw's Antique Weapon Boutique.
  8996 | D:10     | Noticed Erica
  9009 | D:10     | Killed Erica
  9156 | D:11     | Lost mutation: Your large and strong wings let you fly.
                  | [Jiyva's grace]
  9156 | D:11     | Gained mutation: You are very agile. (Dex +8, Str/Int -2)
                  | [Jiyva's grace]
  9156 | D:11     | Gained mutation: You have hidden genetic potential.
                  | [Jiyva's grace]
  9156 | D:11     | Gained mutation: You have great hidden genetic potential.
                  | [Jiyva's grace]
  9156 | D:11     | Gained mutation: You possess an exceptional clarity of
                  | mind. [Jiyva's grace]
  9159 | D:11     | Noticed a two-headed ogre
  9166 | D:11     | Found a staircase to the Orcish Mines.
  9176 | D:11     | Killed a two-headed ogre
  9178 | D:11     | Noticed a soul eater
  9207 | D:11     | Reached skill level 17 in Ice Magic
  9269 | D:11     | Found Yvviske's Antique Weapon Boutique.
  9309 | D:11     | Found Zoaggi's Magic Scroll Emporium.
  9346 | D:11     | Bought a scroll of identify for 30 gold pieces
  9346 | D:11     | Bought a scroll of identify for 30 gold pieces
  9432 | D:11     | Found a bloodstained altar of Trog.
  9510 | D:11     | Noticed a two-headed ogre
  9683 | D:11     | Noticed a purple ugly thing
  9691 | D:11     | Killed a purple ugly thing
  9912 | D:12     | Reached XP level 12. HP: 100/100 MP: 15/15
  9946 | D:12     | Noticed a boulder beetle
  9992 | D:12     | Killed a boulder beetle
 10234 | D:12     | Noticed a two-headed ogre
 10247 | D:12     | Killed a two-headed ogre
 10304 | D:12     | Lost mutation: You possess an exceptional clarity of mind.
                  | [Jiyva's grace]
 10304 | D:12     | Lost mutation: You have great hidden genetic potential.
                  | [Jiyva's grace]
 10304 | D:12     | Lost mutation: You expend magic power (3 MP) to strengthen
                  | your wands. [Jiyva's grace]
 10304 | D:12     | Lost mutation: You passively dampen the noise of your
                  | surroundings. [Jiyva's grace]
 10304 | D:12     | Gained mutation: Your translucent skin reduces your foes'
                  | accuracy. (Stealth+) [Jiyva's grace]
 10304 | D:12     | Gained mutation: Your transparent skin significantly
                  | reduces your foes' accuracy. (Stealth+) [Jiyva's grace]
 10304 | D:12     | Gained mutation: You have a small jelly attached to you
                  | that senses nearby items. [Jiyva's grace]
 10304 | D:12     | Gained mutation: You are resistant to electric shocks.
                  | (rElec) [Jiyva's grace]
 10917 | D:13     | Gained mutation: You have great hidden genetic potential.
                  | [hidden potential]
 11173 | D:13     | Killed a centaur warrior
 11365 | D:13     | Reached skill level 18 in Ice Magic
 11453 | D:13     | Noticed Nessos
 11464 | D:13     | Killed Nessos
 11678 | D:14     | Noticed a death knight
 11690 | D:14     | Killed a death knight
 11693 | D:14     | Noticed a two-headed ogre
 11698 | D:14     | Killed a two-headed ogre
 11811 | D:14     | Noticed a two-headed ogre
 11814 | D:14     | Noticed a two-headed ogre
 11831 | D:14     | Killed a two-headed ogre
 11837 | D:14     | Killed a two-headed ogre
 11838 | D:14     | Reached XP level 13. HP: 94/112 MP: 16/16
 11914 | D:14     | Reached skill level 10 in Fighting
 11966 | D:14     | Lost mutation: You have a pair of horns on your head.
                  | [Jiyva's grace]
 11966 | D:14     | Lost mutation: You are resistant to electric shocks.
                  | (rElec) [Jiyva's grace]
 11966 | D:14     | Lost mutation: Your transparent skin significantly reduces
                  | your foes' accuracy. (Stealth+) [Jiyva's grace]
 11966 | D:14     | Lost mutation: You have great hidden genetic potential.
                  | [Jiyva's grace]
 11966 | D:14     | Gained mutation: You are robust. (+10% HP) [Jiyva's grace]
 11966 | D:14     | Gained mutation: You are very robust. (+20% HP) [Jiyva's
                  | grace]
 11966 | D:14     | Gained mutation: You are extremely robust. (+30% HP)
                  | [Jiyva's grace]
 11966 | D:14     | Gained mutation: Your transparent skin significantly
                  | reduces your foes' accuracy. (Stealth+) [Jiyva's grace]
 12245 | D:14     | Gained mutation: Your muscles are strong. (Str +4, Int/Dex
                  | -1) [hidden potential]
 12245 | D:14     | Lost mutation: You have hidden genetic potential. [hidden
                  | potential expressed]
 12370 | D:14     | Noticed Rupert
 12403 | D:14     | Killed Rupert
 12568 | D:14     | Found a runed translucent door.
 12601 | D:14     | Noticed Lodul
 12607 | D:14     | Killed Lodul
 12608 | D:14     | Reached skill level 19 in Ice Magic
 12619 | D:14     | Noticed a sphinx
 12619 | D:14     | Noticed a crystal guardian
 12690 | D:14     | Found a gate to the Vaults.
 12972 | Lair:1   | Entered Level 1 of the Lair of Beasts
 13672 | Lair:2   | Reached skill level 10 in Dodging
 13745 | Lair:2   | Reached skill level 1 in Shields
 13865 | Lair:2   | Found a staircase to the Snake Pit.
 13927 | Lair:2   | Lost mutation: You have a pair of small horns on your head.
                  | [Jiyva's grace]
 13927 | Lair:2   | Lost mutation: You are very agile. (Dex +8, Str/Int -2)
                  | [Jiyva's grace]
 13927 | Lair:2   | Lost mutation: You are extremely robust. (+30% HP) [Jiyva's
                  | grace]
 13927 | Lair:2   | Lost mutation: Your transparent skin significantly reduces
                  | your foes' accuracy. (Stealth+) [Jiyva's grace]
 13927 | Lair:2   | Gained mutation: You passively map a small area around you.
                  | [Jiyva's grace]
 13927 | Lair:2   | Gained mutation: You passively map the area around you.
                  | [Jiyva's grace]
 13927 | Lair:2   | Gained mutation: You passively map a large area around you.
                  | [Jiyva's grace]
 13927 | Lair:2   | Gained mutation: Your transparent skin significantly
                  | reduces your foes' accuracy. (Stealth+) [Jiyva's grace]
 13973 | Lair:2   | Gained mutation: Your tail ends in a venomous barb. [Green
                  | Draconian growth]
 13973 | Lair:2   | Reached XP level 14. HP: 150/150 MP: 16/18
 14121 | Lair:2   | Found a staircase to the Swamp.
 15812 | Lair:4   | Found a staircase to the Slime Pits.
 15832 | Lair:4   | Lost mutation: You are very robust. (+20% HP) [Jiyva's
                  | grace]
 15832 | Lair:4   | Lost mutation: Your transparent skin significantly reduces
                  | your foes' accuracy. (Stealth+) [Jiyva's grace]
 15832 | Lair:4   | Gained mutation: You are covered in slimy tendrils that may
                  | disarm your opponents. [Jiyva's grace]
 15832 | Lair:4   | Gained mutation: Your melee attacks may engulf your foes in
                  | ooze. [Jiyva's grace]
 15832 | Lair:4   | Gained mutation: Your tail ends in a sharp venomous barb.
                  | [Jiyva's grace]
 15832 | Lair:4   | Gained mutation: Your tail ends in a wickedly sharp and
                  | venomous barb. [Jiyva's grace]
 16163 | Lair:4   | Noticed Urug
 16174 | Lair:4   | Killed Urug
 16230 | Lair:4   | Identified the +9 giant club of the Thirsty Moons {vorpal,
                  | rElec Str+6 Int+4 Stlth-}
 16356 | Lair:4   | Identified the +4 ring mail of the Snake Pit {Will+ Regen+
                  | Str+7 Dex-5}
 16538 | Slime:1  | Entered Level 1 of the Pits of Slime
 16557 | Slime:1  | Noticed a quicksilver ooze
 16569 | Slime:1  | Noticed an acid blob
 16576 | Slime:2  | Noticed a rockslime
 16655 | Slime:5  | Entered Level 5 of the Pits of Slime
 16660 | Slime:5  | Noticed a quicksilver ooze
 16667 | Slime:5  | Noticed an acid blob
 16671 | Slime:5  | Found a viscous altar of Jiyva.
 16672 | Slime:5  | Noticed an azure jelly
 16672 | Slime:5  | Noticed the Royal Jelly
 16672 | Slime:5  | Noticed an acid blob
 16673 | Slime:5  | Noticed a rockslime
 16674 | Slime:5  | Noticed a quicksilver ooze
 16676 | Slime:5  | Noticed an acid blob
 16676 | Slime:5  | Noticed an acid blob
 16676 | Slime:5  | Noticed a quicksilver ooze
 16679 | Slime:5  | Noticed an azure jelly
 16681 | Slime:5  | Identified the +9 trident "Ejoclaac" {elec, rPois Str+2
                  | Int+2}
 16690 | Slime:5  | Noticed an acid blob
 16701 | Slime:5  | Identified the ring "Rauj" {Wiz rPois rCorr}
 16704 | Slime:5  | Identified the amulet of Autumn {rN+ Regen+ Str+2 SInv
                  | Stlth-}
 16716 | Slime:5  | Got a slimy rune of Zot
 16718 | Slime:5  | Noticed an acid blob
 16720 | Slime:5  | Identified the ring of Alilel {rElec rPois Str+2}
 16806 | Slime:5  | Noticed an acid blob
 16826 | Slime:5  | Noticed an acid blob
 16903 | Slime:5  | Noticed an acid blob
 17086 | Lair:5   | Entered Level 5 of the Lair of Beasts
 17241 | Lair:5   | Reached skill level 5 in Spellcasting
 17256 | Lair:5   | Reached skill level 5 in Shields
 17654 | Lair:5   | Lost mutation: You passively map a large area around you.
                  | [Jiyva's grace]
 17654 | Lair:5   | Lost mutation: You are robust. (+10% HP) [Jiyva's grace]
 17654 | Lair:5   | Lost mutation: Your muscles are strong. (Str +4, Int/Dex
                  | -1) [Jiyva's grace]
 17654 | Lair:5   | Lost mutation: You are covered in slimy tendrils that may
                  | disarm your opponents. [Jiyva's grace]
 17654 | Lair:5   | Gained mutation: You are covered in fur. (AC +1) [Jiyva's
                  | grace]
 17654 | Lair:5   | Gained mutation: You are covered in thick fur. (AC +2)
                  | [Jiyva's grace]
 17654 | Lair:5   | Gained mutation: Your thick and shaggy fur keeps you warm.
                  | (AC +3, rC+) [Jiyva's grace]
 17654 | Lair:5   | Gained mutation: You are strong-willed. (Will+) [Jiyva's
                  | grace]
 17945 | Lair:5   | Reached XP level 15. HP: 118/134 MP: 23/23
 18898 | Orc:1    | Entered Level 1 of the Orcish Mines
 19030 | Orc:1    | Noticed Erolcha
 19038 | Orc:1    | Killed Erolcha
 19178 | Orc:1    | Found Goel's Jewellery Boutique.
 19317 | Orc:2    | Entered Level 2 of the Orcish Mines
 19340 | Orc:2    | Reached skill level 20 in Ice Magic
 19419 | Orc:2    | Found Zotifi Vefio's Magic Scroll Shoppe.
 19427 | Orc:2    | Found a staircase to the Elven Halls.
 19438 | Orc:2    | Bought a scroll of blinking for 105 gold pieces
 19438 | Orc:2    | Bought a scroll of teleportation for 42 gold pieces
 19438 | Orc:2    | Bought a scroll of teleportation for 42 gold pieces
 19570 | Orc:2    | Found Hotuof's Antique Weapon Emporium.
 19570 | Orc:2    | Found Ucecivuri's Antique Weapon Emporium.
 19571 | Orc:2    | Found Tigheigior's Antique Weapon Shoppe.
 19571 | Orc:2    | Found Atirotra's Distillery.
 20150 | Orc:2    | Bought 2 potions of experience for 1400 gold pieces
 20151 | Orc:2    | Reached XP level 16. HP: 146/146 MP: 26/26
 20152 | Orc:2    | Reached XP level 17. HP: 152/152 MP: 26/28
 20224 | Elf:1    | Entered Level 1 of the Elven Halls
 20395 | Snake:1  | Entered Level 1 of the Snake Pit
 20604 | Snake:1  | Lost mutation: Your tail ends in a wickedly sharp and
                  | venomous barb. [Jiyva's grace]
 20604 | Snake:1  | Lost mutation: You are strong-willed. (Will+) [Jiyva's
                  | grace]
 20604 | Snake:1  | Lost mutation: Your thick and shaggy fur keeps you warm.
                  | (AC +3, rC+) [Jiyva's grace]
 20604 | Snake:1  | Lost mutation: You are covered in thick fur. (AC +2)
                  | [Jiyva's grace]
 20604 | Snake:1  | Lost mutation: You have a small jelly attached to you that
                  | senses nearby items. [Jiyva's grace]
 20604 | Snake:1  | Gained mutation: Your rubbery body absorbs attacks. (AC +1,
                  | EV +1) [Jiyva's grace]
 20604 | Snake:1  | Gained mutation: Your pliable body absorbs attacks. (AC +2,
                  | EV +2) [Jiyva's grace]
 20604 | Snake:1  | Gained mutation: Your gelatinous body deflects attacks. (AC
                  | +3, EV +3) [Jiyva's grace]
 20604 | Snake:1  | Gained mutation: You expend magic power (3 MP) to
                  | strengthen your wands. [Jiyva's grace]
 22064 | Snake:2  | Lost mutation: You are covered in fur. (AC +1) [Jiyva's
                  | grace]
 22064 | Snake:2  | Lost mutation: Your gelatinous body deflects attacks. (AC
                  | +3, EV +3) [Jiyva's grace]
 22064 | Snake:2  | Lost mutation: You expend magic power (3 MP) to strengthen
                  | your wands. [Jiyva's grace]
 22064 | Snake:2  | Gained mutation: You possess an exceptional clarity of
                  | mind. [Jiyva's grace]
 22064 | Snake:2  | Gained mutation: Armour fits poorly on your pseudopods.
                  | [Jiyva's grace]
 22064 | Snake:2  | Gained mutation: Armour fits poorly on your large
                  | pseudopods. [Jiyva's grace]
 22064 | Snake:2  | Gained mutation: Armour fits poorly on your massive
                  | pseudopods. [Jiyva's grace]
 22683 | Snake:3  | Reached XP level 18. HP: 132/161 MP: 17/30
 22851 | Snake:3  | Reached skill level 15 in Fighting
 22888 | Snake:3  | Reached skill level 5 in Polearms
 23830 | Snake:3  | Got the Compendium of Fog and the Chill
 23837 | Snake:3  | Learned a level 5 spell: Metabolic Englaciation
 23959 | Snake:4  | Entered Level 4 of the Snake Pit
 24236 | Snake:4  | Found a runed translucent door.
 24264 | Snake:4  | Lost mutation: You possess an exceptional clarity of mind.
                  | [Jiyva's grace]
 24264 | Snake:4  | Lost mutation: Your pliable body absorbs attacks. (AC +2,
                  | EV +2) [Jiyva's grace]
 24264 | Snake:4  | Lost mutation: Your rubbery body absorbs attacks. (AC +1,
                  | EV +1) [Jiyva's grace]
 24264 | Snake:4  | Lost mutation: Armour fits poorly on your massive
                  | pseudopods. [Jiyva's grace]
 24264 | Snake:4  | Lost mutation: Your translucent skin reduces your foes'
                  | accuracy. (Stealth+) [Jiyva's grace]
 24264 | Snake:4  | Gained mutation: You have sharp toenails. [Jiyva's grace]
 24264 | Snake:4  | Gained mutation: You have razor-sharp toenails. [Jiyva's
                  | grace]
 24264 | Snake:4  | Gained mutation: You have claws for feet. [Jiyva's grace]
 24264 | Snake:4  | Lost mutation: You have claws for feet. [Jiyva's grace]
 24264 | Snake:4  | Lost mutation: You have razor-sharp toenails. [Jiyva's
                  | grace]
 24264 | Snake:4  | Lost mutation: You have sharp toenails. [Jiyva's grace]
 24264 | Snake:4  | Gained mutation: You have large cloven feet. [Jiyva's
                  | grace]
 24305 | Snake:4  | Found Boseqyn's General Store.
 24428 | Snake:4  | Noticed PaleRider's ghost (adept KoBr)
 24476 | Snake:4  | Killed PaleRider's ghost
 24503 | Snake:4  | Found Foutypn's Weapon Emporium.
 24551 | Snake:4  | Found Natheogu's Book Emporium.
 24840 | Snake:4  | Identified the ring of Puuguyma {Fly rElec rC+ Int-3 Dex+3}
 25201 | Snake:4  | Identified the +7 long sword of the Trees {drain, Will+
                  | Str+3}
 25360 | Snake:4  | Reached skill level 10 in Shields
 25413 | Snake:4  | Reached XP level 19. HP: 172/172 MP: 32/32
 25432 | Snake:4  | Reached skill level 21 in Ice Magic
 25514 | Snake:4  | Got a serpentine rune of Zot
 25880 | Vaults:1 | Entered Level 1 of the Vaults
 25900 | Vaults:1 | Found Renor's Book Shoppe.
 25908 | Vaults:1 | Bought Ozocubu's Autobiography for 336 gold pieces
 25917 | Vaults:1 | Learned a level 7 spell: Ozocubu's Refrigeration
 25957 | Vaults:1 | Reached skill level 10 in Spellcasting
 27094 | Vaults:2 | Mangled by a titan

Illustrated notes

Levels and vault maps discovered:
D:1:      erik_arrival_cave_to_civilisation [erik_arrival_cave_to_temple],
          layout_basic, serial_curves, eino_curves_03, eino_curves_01,
          eino_curves_02, eino_curves_04
D:2:      layout_rooms, basic_altar, serial_shops, shop, uniq_jessica
D:3:      layout_basic, eat_drink_and_be_merry_uskayaw, gup_sewer_entry_bowl
D:4:      minmay_evil_eye, layout_cave_pools, general_overflow_altar,
          ebering_ghost_sewer_f, uniq_pikel
D:5:      layout_basic, minmay_temple_entry_trees, nicolae_ossuary_entry_ruins,
          minmay_circle_x
D:6:      layout_basic, lemuel_doored_altar, uniq_grinder
D:7:      layout_cave_pools, guppyfry_early_elven_hall
D:8:      layout_loops_corners, nicolae_ashenzari_panopticon,
          nicolae_overflow_quartered_altars, chequers_serial_rivers_micro_e,
          st_stairs_6, uniq_joseph, uniq_prince_ribbit1, uniq_psyche,
          uniq_amaemon, uniq_maggie
D:9:      layout_basic, grunt_dithmenos_smoke_and_mirrors,
          erik_lair_orcish_takeover, ebering_ghost_reflecting_pool, special_room
          [special_room_bee]
D:10:     layout_big_octagon, lightli_bailey_entry_fortress, serial_shops,
          nicolae_lakefront_shop, billiards_dpeg, uniq_erica
D:11:     layout_irregular_city, david_orc_3, serial_shops,
          nicolae_shop_waterfront, nicolae_shop_behind_doors, trog_hazing_becter
D:12:     layout_long_grid
D:13:     layout_loops_corners, uniq_nessos
D:14:     layout_cave_pods, hangedman_vaults_entry_quadrant_bands,
          minmay_misc_feat_alley, serial_park_tiny_pond, minivault_13,
          uniq_rupert, uniq_lodul
Temple:   nicolae_temple_ecumenical_triangle
Lair:1:   layout_roguey, patterned_corridor
Lair:2:   layout_long_grid, palyth_hydra_swamp_entry,
          minmay_snake_entry_guardpost_small
Lair:3:   layout_layer_cave, minmay_shattered_shrine
Lair:4:   layout_gridlike, dpeg_slime_entry_enclosed, small_statue_intersection,
          chequers_serial_rivers_marsh, chequers_serial_rivers_micro_b,
          eino_house_with_fridge, uniq_urug
Lair:5:   due_jungle_book, layout_cave_pods
Snake:1:  layout_chambers, grunt_ministairs_3
Snake:2:  layout_cave_pods
Snake:3:  layout_chambers, serial_bayou, serial_bayou_pond_d,
          serial_bayou_pond_c, serial_bayou_pond_d, serial_bayou_pond_c,
          nicolae_snake_storage_room
Snake:4:  snake_pit_salamanders_mu, layout_cave_town, serial_shops,
          nicolae_lakefront_shop, nicolae_shop_bloodbath_and_beyond, shop,
          gammafunk_ghost_grave
Slime:1:  layout_caves
Slime:2:  layout_caves, nicolae_slime_barrier
Slime:3:  layout_caves, amcnicky_altar_lugonu_corruption
Slime:4:  layout_caves, cheibrodos_slime_lost_civilization_5
Slime:5
Orc:1:    layout_caves, basic_altar, serial_shops, shop, uniq_erolcha
Orc:2:    st_orc_pillars, layout_diamond_mine, serial_shops, shop
Elf:1:    layout_rooms, basic_altar, serial_shops, shop,
          hangedman_elven_crosses_minicolossus, minmay_shoptagon
Vaults:1: ontoclasm_vaults_decontamination, v_rooms_1, ontoclasm_vaults_tryst,
          vaults_dpeg_diagonal, ontoclasm_vaults_chip, vaults_dpeg_hooks,
          nicolae_vaults_hallways_thing, layout_vaults_big_room, serial_shops,
          shop
Vaults:2: v_misc_1, vaults_room_mumra_shop_pool, v_misc_28,
          ontoclasm_vaults_loading_screen, st_eye,
          nicolae_vaults_network_barrier,
          nicolae_vaults_windows_and_doors_thing, vaults_room_pool,
          hangedman_vaults_corner_blocks, layout_vaults_omnigrid, serial_shops,
          nicolae_shop_temple_entry_statues_fountains

Skill      XL: |  1  2  3  4  5  6  7  8  9 10 11 12 13 14 15 16 17 18 19 |
---------------+----------------------------------------------------------+-----
Ice Magic      | 5 6 9 10 12 14 15 17 18 19 20 21 | 21.5
Fighting       | 1 4 7 9 11 12 14 15 16 | 16.4
Dodging        | 2 4 6 8 10 11 12 13 14 | 14.1
Shields        | 1 5 7 8 10 | 10.5
Spellcasting   | 5 7 8 9 10 | 10.2
Polearms       | 2 4 7 |  7.7
Stealth        | |  1.7

Action                   |  1- 3 |  4- 6 |  7- 9 | 10-12 | 13-15 | 16-18 | 19-21 || total
-------------------------+-------+-------+-------+-------+-------+-------+-------++-------
Melee: Unarmed           |    53 |    20 |       |       |       |       |       ||    73
       Tailslap          |     9 |     6 |    29 |    59 |   228 |   110 |    76 ||   517
       Punch             |     1 |       |     3 |     6 |       |       |       ||    10
       Spear             |       |    27 |   231 |   418 |   612 |       |       ||  1288
       Kick              |       |       |       |     7 |       |    87 |   140 ||   234
       Headbutt          |       |       |       |    79 |    75 |       |       ||   154
       Trident           |       |       |       |       |   494 |   709 |   290 ||  1493
       Pseudopods        |       |       |       |       |       |   105 |    84 ||   189
 Cast: Freeze            |    38 |     9 |    12 |    12 |     4 |     6 |     3 ||    84
       Frozen Ramparts   |     8 |    18 |    42 |    70 |   116 |    82 |    26 ||   362
       Ozocubu's Armour  |       |       |    14 |    23 |    16 |     4 |     6 ||    63
       Summon Ice Beast  |       |       |     1 |       |       |       |       ||     1
       Ozocubu's Refrige |       |       |       |       |       |       |     9 ||     9
Invok: Oozemancy         |       |       |       |       |     1 |       |       ||     1
 Abil: Breathe Noxious F |       |       |     6 |    23 |    12 |     5 |     8 ||    54
Evoke: Wand              |       |       |       |     2 |       |       |       ||     2
  Use: Scroll            |     7 |     1 |     2 |    10 |    13 |     4 |     1 ||    38
       Potion            |       |       |       |       |     6 |     1 |     2 ||     9
 Stab: Sleeping          |       |     2 |     4 |       |     9 |     3 |     1 ||    19
       Distracted        |       |       |     2 |       |       |     2 |       ||     4
       Confused          |       |       |       |     9 |     5 |     3 |     4 ||    21
       Petrified         |       |       |       |       |     6 |       |       ||     6
Armor: Skin              |    17 |    17 |    39 |    80 |   227 |   124 |    78 ||   582
Dodge: Dodged            |    48 |    37 |   126 |   348 |  1459 |   713 |   357 ||  3088
Block: Buckler           |       |       |       |    22 |   584 |    48 |       ||   654
       Kite shield       |       |       |       |       |       |   515 |   280 ||   795

Table legend: (Time is in decaauts)
 A = Elapsed time spent in this place.
 B = Non-inter-level travel time spent in this place.
 C = Inter-level travel time spent in this place.
 D = Time resting spent in this place.
 E = Time spent auto-exploring this place.
 F = Levels seen in this place.
 G = Mean time per level.
                   A        B        C        D        E       F      G
               +--------+--------+--------+--------+--------+-----+--------+
         Total |  27650 |  25348 |   2302 |     77 |  17931 |  37 |  747.3 |
       Dungeon |  12188 |  10855 |   1333 |     39 |   8126 |  14 |  870.6 |
        Temple |      1 |      1 |      0 |      0 |      0 |   1 |    1.0 |
          Lair |   5630 |   5216 |    414 |      6 |   3687 |   5 | 1126.0 |
     Snake Pit |   5459 |   5199 |    260 |     20 |   3557 |   4 | 1364.8 |
    Slime Pits |    485 |    396 |     89 |      0 |    335 |   5 |   97.0 |
  Orcish Mines |   1431 |   1270 |    161 |     12 |    702 |   2 |  715.5 |
   Elven Halls |     33 |     33 |      0 |      0 |     17 |   1 |   33.0 |
        Vaults |   1222 |   1178 |     44 |      0 |    787 |   2 |  611.0 |
         Sewer |    645 |    645 |      0 |      0 |    501 |   1 |  645.0 |
       Ossuary |    209 |    209 |      0 |      0 |     76 |   1 |  209.0 |
        Bailey |    343 |    343 |      0 |      0 |    142 |   1 |  343.0 |
               +--------+--------+--------+--------+--------+-----+--------+

Top non-repeatable levels by time:
  Lair:5: 1759 daAuts
 Snake:4: 1704 daAuts
 Snake:3: 1396 daAuts
  Lair:3: 1379 daAuts
 Snake:1: 1353 daAuts
    D:14: 1263 daAuts
     D:1: 1254 daAuts
Vaults:1: 1210 daAuts
     D:8: 1105 daAuts
     D:9: 1086 daAuts
 Snake:2: 1004 daAuts
     D:5: 991 daAuts
   Orc:2: 975 daAuts
     D:3: 946 daAuts
  Lair:4: 942 daAuts
